 Dungeon Crawl Stone Soup version 0.31.0-11-ge490571c62 (webtiles) character file.

Game seed: 18059058036016969800

25282 CougarLife the Severer (level 12, -6/115 HPs)
             Began as a Minotaur Fighter on Jan 29, 2024.
             Was an Elder of Trog.
             Killed from afar by an oklob plant (16 damage)
             ... with a splash of acid
             ... on level 3 of the Lair of Beasts.
             The game lasted 00:18:56 (14951 turns).

CougarLife the Severer (Minotaur Fighter)          Turns: 14951, Time: 00:18:56

Health: -6/115     AC:  3    Str: 24    XL:     12   Next: 88%
Magic:  0/11       EV: 12    Int:  7    God:    Trog [****..]
Gold:   618        SH: 11    Dex: 10    Spells: 11/11 levels left

rFire   . . .        I - +3 broad axe
rCold   . . .        c - +0 buckler
rNeg    + . .        b - +0 scale mail
rPois   +            f - +0 hat
rElec   .            y - +0 cloak
rCorr   .            p - +1 pair of gloves {infuse}
SInv    .            T - +2 pair of boots {Fly}
Will    .....        C - amulet of reflection Stlth
                     r - ring of poison resistance
HPRegen 0.39/turn    z - ring of positive energy
MPRegen 0.12/turn

%: reflection
@: corroded, flying
A: horns 2, retaliatory headbutt
a: Renounce Religion, Berserk, Trog's Hand, Brothers in Arms


You were on level 3 of the Lair of Beasts.
You worshipped Trog.
Trog was greatly pleased with you.
You visited 3 branches of the dungeon, and saw 15 of its levels.

You collected 618 gold pieces.

Inventory:

Hand Weapons
 I - a +3 broad axe (weapon)
 N - a +1 hand axe of flaming
Missiles
 e - 2 silver javelins
 j - 4 throwing nets
 o - 10 boomerangs
 w - 28 poisoned darts (quivered)
 P - 2 javelins
Armour
 b - a +0 scale mail (worn)
 c - a +0 buckler (worn)
 f - a +0 hat (worn)
 p - a +1 pair of gloves of infusion (worn)
 y - a +0 cloak (worn)
 T - a +2 pair of boots of flying (worn)
Jewellery
 r - a ring of poison resistance (left hand)
 z - a ring of positive energy (right hand)
 C - an amulet of reflection (around neck)
 Q - a ring of protection from fire
 S - a ring of protection from cold
Wands
 a - a wand of mindburst (10)
 E - a wand of iceblast (12)
 F - a wand of acid (6)
 M - a wand of charming (10)
Scrolls
 g - 13 scrolls of identify {unknown}
 h - 2 scrolls of revelation {unknown}
 i - a scroll of noise {unknown}
 k - a scroll of poison {unknown}
 m - a scroll of amnesia {unknown}
 u - a scroll of fog {unknown}
 v - 2 scrolls of fear {unknown}
 A - 2 scrolls of vulnerability {unknown}
 G - a scroll of enchant weapon {unknown}
 J - a scroll of enchant armour {unknown}
 K - a scroll of immolation {unknown}
 L - 2 scrolls of teleportation {unknown}
 R - a scroll of butterflies {unknown}
Potions
 d - 3 potions of might
 l - 3 potions of curing {unknown}
 n - 2 potions of ambrosia {unknown}
 q - 2 potions of resistance {unknown}
 s - 4 potions of haste {unknown}
 t - 2 potions of magic {unknown}
 x - 3 potions of invisibility {unknown}
 B - 2 potions of enlightenment {unknown}
 D - 2 potions of heal wounds {unknown}
 H - 2 potions of brilliance {unknown}
 O - a potion of degeneration {unknown}


   Skills:
 - Level 13.0 Fighting
 + Level 15.5 Axes
 - Level 7.4 Throwing
 - Level 9.1 Armour
 - Level 7.1 Dodging
 - Level 10.0 Shields


You had 11 spell levels left.
You didn't know any spells.
Your spell library contained the following spells:

 Spells                   Type           Power      Damage    Failure   Level
 Summon Small Mammal      Summ           0%         N/A       75%         1
 Cigotuvi's Dreadful Rot  Necr/Alch/Air  0%         N/A       86%         2
 Ensorcelled Hibernation  Hex/Ice        0%         N/A       86%         2
 Call Canine Familiar     Summ           0%         N/A       98%         3
 Fugue of the Fallen      Necr           0%         N/A       98%         3
 Anguish                  Hex/Necr       0%         N/A       100%        4
 Ignite Poison            Fire/Alch      0%         N/A       100%        4
 Summon Blazeheart Golem  Fire/Summ      0%         N/A       100%        4
 Freezing Cloud           Conj/Ice/Air   0%         6-21      100%        5


Dungeon Overview and Level Annotations

Branches:
Dungeon (11/15)            Temple (1/1) D:5            Lair (3/5) D:11
  Snake (0/4) Lair:2          Orc (0/2) D:10
  Swamp: Lair:2-3    Shoals: Lair:2-3

Altars:
Ashenzari
Cheibriados
Dithmenos
Elyvilon
Fedhas
Gozag
Hepliaklqana
Kikubaaqudgha
Makhleb
Nemelex Xobeh
Okawaru
Qazlal
Ru
Sif Muna
Trog
Uskayaw
Vehumet
Wu Jian
Xom
Yredelemnul
Zin
The Shining One

Shops:
D:1 [   D:4 (   D:5 :

Annotations:
D:8 2 transporters, browni3141's ghost, novice MiFi
Lair:3 exclusion: oklob plant


Innate Abilities, Weirdness & Mutations

You have a pair of horns on your head.
You reflexively headbutt those who attack you in melee.


Message History

You hit the bush. The oklob plant spits acid at you.
The splash of acid hits you! The acid corrodes you!
You hit the bush but do no damage.
The bush is lightly damaged.
You hit the bush. You completely miss the bush.
The bush is lightly damaged.
You hit the bush.
Found a grey potion.
You slash the bush!
The bush is moderately damaged.
You slash the bush! You hit the bush. You hit the bush.
The bush is moderately damaged.
You hit the bush but do no damage. You slash the bush!
You hit the bush but do no damage.
The bush is moderately damaged.
You hit the bush but do no damage. You hit the bush.
The oklob plant spits acid at you. The splash of acid hits you!!
You completely miss the bush. You headbutt the bush.
The bush is moderately damaged.
You hit the bush. You slash the bush! The oklob plant spits acid at you.
The splash of acid hits you!! The acid corrodes you!
You slash the bush!
The bush is moderately damaged.
You hit the bush. x2
You slash the bush!
The bush is heavily damaged.
You hit the bush but do no damage. x2
The oklob plant spits acid at you. The splash of acid hits you!!
The acid corrodes you! The oklob plant spits acid at you.
The splash of acid hits you!!
* * * LOW HITPOINT WARNING * * *
The oklob plant spits acid at you. The splash of acid hits you!
You die...

.. ...# ...# ##..#
....### #P... ......####
#...#### ####....(....
#...##.###P##..........
#.......................
#.......†.@............
###......................
#..<.†....†.†............
##.......................
##..#..###.###..........
#...###....P#.....?....#
##..# ......#P...PPP..#
...##...........PPP[..
.....#......##...PPP .


You could see an oklob plant.

Vanquished Creatures
  A hydra (D:10)
  The ghost of brilapsti the Destroyer, a novice DrCj of Hepliaklqana (D:10)
  A cyclops (D:11)
  2 spectral centaurs (D:10)
  A black mamba (shapeshifter) (D:10)
  2 black mambas
  9 elephants
  4 cane toads
  2 kobold demonologists (D:10)
  4 komodo dragons
  Jeremiah (D:7)
  An unseen horror (D:11)
  Psyche (D:9)
  2 trolls
  A merfolk (D:10)
  Grinder (D:3)
  A wolf spider simulacrum (D:10)
  2 polar bears (Lair:2)
  11 blink frogs
  2 centaur simulacra (D:10)
  A vampire (D:9)
  A wraith (D:11)
  35 yaks
  2 wyverns (Lair:2)
  A steam dragon (D:7)
  A basilisk (Lair:1)
  3 vampire mosquitoes (D:10)
  5 nagas (Lair:2)
  2 water moccasins
  An orc warrior (D:7)
  2 sky beasts
  A black bear (Lair:2)
  3 ice beasts
  4 ogres
  9 wolves
  3 centaurs
  6 kobold brigands
  A gnoll sergeant (D:10)
  5 bullfrogs
  3 scorpions (D:5)
  5 wights (D:10)
  3 killer bees (D:8)
  2 electric eels
  An oklob sapling (D:5)
  5 howler monkeys
  2 bombardier beetles (D:5)
  6 hounds
  3 jellies
  2 gnoll boudas
  3 orc priests
  A sleepcap (D:6)
  6 iguanas
  A boggart zombie (D:10)
  8 orc wizards
  14 gnolls
  11 adders
  3 shadow imps
  A white imp (D:6)
  2 ufetubi (D:6)
  3 dart slugs (D:3)
  A ribbon worm (D:3)
  25 orcs
  5 bats
  5 endoplasms
  2 giant cockroaches
  2 goblins
  6 hobgoblins
  3 jackals (D:3)
  4 quokkas
  5 ball pythons
  3 frilled lizards
  30 kobolds
  A rat (D:2)
313 creatures vanquished.

Notes
Turn   | Place    | Note
-------+----------+-------------------------------------------
     0 | D:1      | CougarLife the Minotaur Fighter began the quest for the
                  | Orb.
     0 | D:1      | Reached XP level 1. HP: 19/19 MP: 0/0
   358 | D:1      | Reached XP level 2. HP: 22/26 MP: 1/1
   380 | D:1      | Found Keloqerr's Armour Boutique.
   740 | D:2      | Found a blossoming altar of Fedhas.
   745 | D:2      | Reached skill level 3 in Axes
   767 | D:2      | Reached XP level 3. HP: 30/33 MP: 2/2
  1308 | D:3      | Reached skill level 4 in Axes
  1523 | D:3      | Reached XP level 4. HP: 40/40 MP: 3/3
  2147 | D:3      | Noticed Grinder
  2154 | D:3      | Killed Grinder
  2155 | D:3      | Reached skill level 5 in Fighting
  2155 | D:3      | Reached skill level 6 in Axes
  2155 | D:3      | Reached XP level 5. HP: 30/49 MP: 0/4
  2155 | D:3      | Reached XP level 6. HP: 34/56 MP: 0/5
  2320 | D:4      | Found Livosy's Weapon Emporium.
  2527 | D:4      | Reached skill level 7 in Axes
  2919 | D:4      | You fall into a shaft and drop 2 floors!
  2963 | D:6      | Reached XP level 7. HP: 63/63 MP: 2/6
  3098 | D:5      | Entered Level 5 of the Dungeon
  3124 | D:5      | Reached skill level 8 in Axes
  3222 | D:5      | Found a shimmering blue altar of Sif Muna.
  3225 | D:5      | Found a bloodstained altar of Trog.
  3238 | D:5      | Became a worshipper of Trog the Wrathful
  3344 | D:5      | Found Besadiev's Book Boutique.
  3539 | D:5      | Reached skill level 9 in Axes
  3593 | D:5      | Reached skill level 1 in Dodging
  3698 | D:5      | Reached XP level 8. HP: 73/73 MP: 4/7
  4599 | D:5      | Found a staircase to the Ecumenical Temple.
  4660 | Temple   | Entered the Ecumenical Temple
  4957 | D:5      | Found a glowing golden altar of the Shining One.
  4957 | D:5      | Found a snail-covered altar of Cheibriados.
  4957 | D:5      | Found a hide-covered altar of Uskayaw.
  5283 | D:6      | Reached skill level 5 in Dodging
  5424 | D:6      | Reached skill level 1 in Throwing
  5618 | D:6      | Reached XP level 9. HP: 51/79 MP: 4/8
  5835 | D:6      | Reached skill level 10 in Axes
  5909 | D:6      | Reached skill level 5 in Throwing
  6030 | D:7      | Reached * piety under Trog
  6338 | D:7      | Noticed Jeremiah
  6350 | D:7      | Killed Jeremiah
  6435 | D:7      | Reached skill level 11 in Axes
  6971 | D:8      | Reached XP level 10. HP: 68/88 MP: 2/9
  7067 | D:8      | Found a transporter.
  7071 | D:8      | Noticed browni3141's ghost (novice MiFi)
  7077 | D:8      | a raiju changed into a harpy
  7077 | D:8      | Noticed a harpy (shapeshifter)
  7100 | D:8      | Noticed an entropy weaver
  7113 | D:8      | an entropy weaver changed into a troll
  7114 | D:8      | Found a transporter.
  7325 | D:8      | Reached ** piety under Trog
  7739 | D:9      | Reached skill level 10 in Fighting
  7739 | D:9      | Reached skill level 12 in Axes
  8192 | D:9      | Noticed Psyche
  8212 | D:9      | Killed Psyche
  9064 | D:10     | Entered Level 10 of the Dungeon
  9084 | D:10     | Noticed a four-headed hydra
  9097 | D:10     | Killed an eight-headed hydra
  9098 | D:10     | Reached XP level 11. HP: 104/104 MP: 5/10
  9258 | D:10     | Found a staircase to the Orcish Mines.
  9292 | D:10     | Reached skill level 13 in Axes
  9371 | D:10     | Reached *** piety under Trog
 10106 | D:10     | Found a blossoming altar of Fedhas.
 10198 | D:10     | Found a runed translucent gate.
 10198 | D:10     | Found a runed translucent gate.
 10198 | D:10     | Found a runed translucent gate.
 10204 | D:10     | Noticed brilapsti's ghost (novice DrCj)
 10754 | D:10     | Killed brilapsti's ghost
 10926 | D:11     | Identified the +1 great sword of Kakupp {antimagic, Fly}
 11291 | D:11     | Found a staircase to the Lair.
 11683 | Lair:1   | Entered Level 1 of the Lair of Beasts
 12329 | Lair:1   | Reached **** piety under Trog
 12330 | Lair:1   | Reached XP level 12. HP: 98/115 MP: 3/11
 12493 | Lair:1   | Reached skill level 5 in Shields
 13635 | Lair:2   | Reached skill level 10 in Shields
 13679 | Lair:2   | Identified the +9 quarterstaff "Reseil" {heavy, rPois
                  | Str+4}
 13855 | Lair:2   | Reached skill level 14 in Axes
 14332 | Lair:2   | Found a staircase to the Snake Pit.
 14736 | Lair:2   | Reached skill level 15 in Axes
 14951 | Lair:3   | Killed from afar by an oklob plant

Illustrated notes

Levels and vault maps discovered:
D:1:      eino_arrival_water_star, layout_basic, serial_shops,
          nicolae_shop_real_fake_doors, minmay_strange_pillars, st_stairs_13,
          hangedman_abyss_or_decor_lesser_grid, chequers_decorated_corner,
          amcnicky_mini_pool_small, minmay_statues_item, feat_on_display
D:2:      layout_basic, basic_altar
D:3:      layout_basic, uniq_grinder
D:4:      layout_layer_cave, serial_shops, nicolae_shop_gibbet_a_chance
D:5:      layout_gridville, hellmonk_overflow_destroyed_library,
          gammafunk_temple_overflow_claw, minmay_temple_entry_oklob,
          serial_shops, nicolae_shop_pleasant_corner_grove
D:6:      minmay_skewed_foursquare, layout_rooms, kennysheep_generic_room_13
D:7:      layout_rooms, uniq_jeremiah
D:8:      layout_basic, gammafunk_ghost_arena
D:9:      layout_loops_corners, chequers_mini_garden, uniq_psyche
D:10:     layout_basic, serial_aquarium, aquarium_bridge_long_joined
          [aquarium_subvault_bridge, aquarium_subvault_wall,
          aquarium_subvault_balcony, aquarium_subvault_wall,
          aquarium_subvault_bridge, aquarium_subvault_bridge],
          aquarium_window_corridor_2, aquarium_window_fake, aquarium_window_1,
          aquarium_window_1, aquarium_view_2a, gammafunk_ghost_necromancy,
          roadster_trireme
D:11:     layout_loops_ring, lair_entry_dummy, serial_glass, glass_columns_b,
          glass_columns_a, glass_columns_b, glass_columns_a, glass_columns_c,
          minmay_strange_pillars, item_on_display_a, minmay_misc_feat_pillars
Temple:   minmay_temple_bridge_d
Lair:1:   layout_chaotic_city, chequers_serial_rivers_micro_e
Lair:2:   layout_hall_layers, minmay_snake_entry_guardpost_medium,
          nicolae_lair_grove_arrangements, nicolae_quartered_pool_impasse,
          gammafunk_lair_bear_cave
Lair:3:   layout_regular_city, swamp_mist_pool, minmay_lair_oklob_bushes,
          uniq_nergalle, uniq_kirke, uniq_amaemon

Skill      XL: |  1  2  3  4  5  6  7  8  9 10 11 12 |
---------------+-------------------------------------+-----
Armour         | 4 9 |  9.1
Shields        | 4 10 | 10.0
Axes           | 3 4 6 7 9 11 12 13 15 | 15.5
Fighting       | 4 5 6 7 8 12 13 | 13.0
Dodging        | 1 5 7 |  7.1
Throwing       | 4 7 |  7.4

Action                     |  1- 3 |  4- 6 |  7- 9 | 10-12 || total
---------------------------+-------+-------+-------+-------++-------
  Melee: War axe           |    65 |    71 |   241 |       ||   377
         Headbutt          |     7 |     9 |    34 |    85 ||   135
         Broad axe         |       |       |    11 |   417 ||   428
  Throw: Dart              |       |       |     9 |    12 ||    21
         Boomerang         |       |       |     3 |       ||     3
 Invoke: Berserk           |       |       |       |     7 ||     7
         Trog's Hand       |       |       |       |     4 ||     4
    Use: Potion            |       |       |       |     2 ||     2
 Armour: Scale mail        |    39 |    32 |   151 |   361 ||   583
  Dodge: Dodged            |    34 |    39 |   134 |   213 ||   420
  Block: Buckler           |    14 |    16 |    54 |   210 ||   294
         Reflection        |       |       |       |     8 ||     8
